 Dungeon Crawl Stone Soup version 0.20.0-15-g7f486f2 (webtiles) character file.

394 vishdafish the Sneak (level 7, -11/42 HPs)
             Began as a Kobold Assassin on June 18, 2017.
             Mangled by an ogre
             ... wielding a cursed +0 giant spiked club
              (29 damage)
             ... on level 4 of the Dungeon.
             The game lasted 00:23:46 (3726 turns).

vishdafish the Sneak (Kobold Assassin)              Turns: 3726, Time: 00:23:46

Health: -11/42     AC:  5    Str:  9    XL:     7   Next: 8%
Magic:  7/7        EV: 15    Int: 12    God:
Gold:   174        SH:  0    Dex: 18    Spells: 6/6 levels left

rFire    . . .     SeeInvis .   p - +2 short sword (freeze)
rCold    . . .     Gourm    .   (shield restricted)
rNeg     . . .     Faith    .   c - +0 robe
rPois    .         Spirit   .   (no helmet)
rElec    .         Reflect  .   s - +0 cloak
rCorr    .         Harm     .   (no gloves)
MR       .....                  (no boots)
Stlth    ++++......             n - amulet of regeneration
Regen    0.6/turn               m - ring of wizardry
MPRegen  0.1/turn               F - +2 ring of protection

@: no status effects
A: carnivore 3
a: no special abilities


You were on level 4 of the Dungeon.
You were full.

You visited 1 branch of the dungeon, and saw 5 of its levels.
You also visited: Sewer.

You collected 174 gold pieces.

Inventory:

Hand Weapons
 a - a +2 dagger
 b - a +0 blowgun
 h - a +0 short sword
 p - a +2 short sword of freezing (weapon)
 I - a +0 short sword of venom
Missiles
 e - 18 poisoned needles (quivered)
 f - a curare-tipped needle
 t - 2 poisoned javelins
Armour
 c - a +0 robe (worn)
 d - a +0 cloak
 s - a +0 cloak (worn)
Jewellery
 m - a ring of wizardry (left hand)
 n - an amulet of regeneration (around neck)
 F - a +2 ring of protection (right hand)
 G - an uncursed ring of flight {unknown}
Wands
 w - a wand of lightning (1/15)
 z - a wand of confusion (21/48)
 B - a wand of random effects (22/48)
Scrolls
 g - 2 scrolls of identify {unknown}
 i - a scroll of recharging {unknown}
 j - 4 scrolls of remove curse
 k - a scroll of amnesia {unknown}
 l - a scroll of teleportation
 o - a scroll of fog {unknown}
 x - a scroll of random uselessness {unknown}
 y - a scroll of blinking {unknown}
 H - a scroll of fear {unknown}
Potions
 q - 3 potions of flight {unknown}
 u - a potion of curing {unknown}
 v - 2 potions of heal wounds {unknown}
 A - 2 potions of invisibility {unknown}
 C - a potion of ambrosia {unknown}
 D - a potion of resistance {unknown}
 E - a potion of magic {unknown}
Comestibles
 r - 2 royal jellies


   Skills:
 + Level 3.8 Fighting
 + Level 6.0 Short Blades
 - Level 2.1 Throwing
 + Level 2.5 Dodging
 + Level 7.8 Stealth


You had 6 spell levels left.
You didn't know any spells.

Dungeon Overview and Level Annotations

Branches:
Dungeon (5/15)
 Temple: D:4-7

Altars:


Innate Abilities, Weirdness & Mutations

You are small and have problems with some larger weapons.
You are carnivorous and can eat meat at any time.


Message History

You toss away a curare-tipped needle.
The curare-tipped needle hits the ogre.
The ogre misses you.
Things that are here:
29 arrows; a jackal skeleton x2
The ogre barely misses you.
The ogre hits you with a giant spiked club!
You barely miss the ogre. The ogre closely misses you.
You hit the ogre. You freeze the ogre.
The ogre is lightly wounded.
You hit the ogre. You freeze the ogre.
The ogre is lightly wounded.
The ogre hits you with a giant spiked club!!
Tossing away (i - inventory):
e - 19 poisoned needles (quivered)
Press: ? - help, Shift-Dir - straight line, f/p - ogre
Aim: an ogre, wielding a giant spiked club (lightly wounded)
You toss away a poisoned needle.
The poisoned needle hits the ogre.
The ogre is lightly wounded.
The ogre hits you with a giant spiked club!!
Ouch! That really hurt!
You die...

#.....#######.#.# #..######
#........(....#.# ##.##
#.....###....##.#######..# #.....#
#....##........#(# ......#
#....+.........#.# ##..[[# #....#
#.......#.# ......# #....#
#.......#.#
#.....####.#####.......#.########
#.).............@O(.....(รท.......
#....#####.#####.......##.###...)
#...)# #.# #.......##..##....
#.#........# #.......###.##....
#.########## ######### #.##....
#.# #####.###### #.# #...........
#'## #.###.###### ...# #........


You could see an ogre.

Vanquished Creatures
  A phantom (D:4)
  Purgy (Sewer)
  A howler monkey (D:4)
  An orc wizard (D:4)
  7 adders
  A dart slug (D:1)
  4 worms
  3 leopard geckos
  4 orcs
  6 giant cockroaches
  5 goblins
  3 hobgoblins
  6 jackals
  8 kobolds
  3 quokkas
  A ball python (D:1)
  A bat (Sewer)
  3 frilled lizards
  A leopard gecko zombie (D:4)
  A quokka skeleton (D:4)
  6 rats
67 creatures vanquished.

Notes
Turn   | Place    | Note
-------+----------+-------------------------------------------
     0 | D:1      | vishdafish the Kobold Assassin began the quest for the Orb.
     0 | D:1      | Reached XP level 1. HP: 12/12 MP: 1/1
   362 | D:1      | Reached XP level 2. HP: 13/17 MP: 2/2
   691 | D:1      | Reached skill level 6 in Stealth
   899 | D:1      | Reached XP level 3. HP: 22/22 MP: 3/3
  1765 | D:2      | Reached XP level 4. HP: 27/27 MP: 4/4
  2064 | D:3      | Found a glowing drain.
  2127 | Sewer    | Entered a sewer
  2177 | Sewer    | Noticed Purgy
  2179 | Sewer    | Killed Purgy
  2179 | Sewer    | Reached skill level 7 in Stealth
  2179 | Sewer    | Reached XP level 5. HP: 32/32 MP: 5/5
  2249 | Sewer    | Reached skill level 5 in Short Blades
  2269 | Sewer    | Reached XP level 6. HP: 37/37 MP: 6/6
  2992 | D:4      | Noticed a phantom
  3177 | D:4      | Killed a phantom
  3348 | D:4      | Reached XP level 7. HP: 37/42 MP: 7/7
  3652 | D:5      | Entered Level 5 of the Dungeon
  3726 | D:4      | Mangled by an ogre

Skill      XL: |  1  2  3  4  5  6  7 |
---------------+----------------------+-----
Short Blades   | 3 4 5 6 |  6.0
Stealth        | 6 7 |  7.8
Fighting       | 3 |  3.8
Dodging        | 2 |  2.5
Throwing       | |  2.1

Action                   |  1- 3 |  4- 6 |  7- 9 || total
-------------------------+-------+-------+-------++-------
Melee: Dagger            |    73 |       |       ||    73
       Short sword       |    11 |   169 |    22 ||   202
 Fire: Blowgun           |     9 |       |       ||     9
  Use: Scroll            |       |     2 |       ||     2
 Stab: Sleeping          |    11 |     7 |       ||    18
  Eat: Meat ration       |     1 |       |     1 ||     2
       Chunk             |     1 |       |       ||     1
Armor: Robe              |     8 |    26 |     3 ||    37
Dodge: Dodged            |    43 |   103 |    20 ||   166
